 Dungeon Crawl Stone Soup version 0.30.0-15-g856e2d3f33 (webtiles) character file.

Game seed: 2476287615238055681

101 qw the Chopper (level 4, -1/28 HPs)
             Began as a Gargoyle Fighter on May 19, 2023.
             Killed by divine providence
             ... invoked by an orc priest
              (10 damage)
             ... on level 4 of the Dungeon.
             The game lasted 00:01:05 (3051 turns).

qw the Chopper (Gargoyle Fighter)                   Turns: 3051, Time: 00:01:06

Health: -1/28      AC: 15    Str: 21    XL:     4   Next: 75%
Magic:  4/4        EV:  5    Int:  9    God:
Gold:   223        SH:  4    Dex:  9    Spells: 3/3 levels left

rFire   . . .        Y - +0 war axe
rCold   . . .        c - +0 buckler
rNeg    + . .        g - +0 plate armour
rPois   inf          (no helmet)
rElec   +            (no cloak)
rCorr   .            (no gloves)
SInv    .            (no boots)
Will    .....        (no amulet) Stlth
                     (no ring)
HPRegen 0.24/turn    (no ring)
MPRegen 0.09/turn

%: no passive effects
@: no status effects
A: sickness immunity, AC +3, negative energy resistance 1, electricity
resistance, torment resistance 1, petrification resistance
a: no special abilities


You were on level 4 of the Dungeon.
You visited 2 branches of the dungeon, and saw 5 of its levels.

You collected 223 gold pieces.


Innate Abilities, Weirdness & Mutations

You are immune to sickness and miasma.
Your stone body is resilient. (AC +3)
You are immune to poison.
You resist negative energy. (rN+)
You are resistant to electric shocks. (rElec)
You are resistant to unholy torment.
You are immune to petrification.


   Skills:
 - Level 3.2 Fighting
 + Level 4.3 Axes
 - Level 3.2 Armour
 - Level 3.2 Shields


You had 3 spell levels left.
You didn't know any spells.
Your spell library was empty.

Inventory:

Hand Weapons
 i - a +0 morningstar
 Y - a +0 war axe (weapon)
Armour
 c - a +0 buckler (worn)
 g - a +0 plate armour (worn)
Scrolls
 k - a scroll of identify
Potions
 a - a potion of resistance
 b - a potion of haste
 d - 2 potions of might
 e - 2 potions of lignification
 f - a potion of cancellation {unknown}
 j - a potion of heal wounds {unknown}

Dungeon Overview and Level Annotations

Branches:
Dungeon (4/15)             Temple (1/1) D:4

Altars:
Ashenzari
Cheibriados
Dithmenos
Elyvilon
Fedhas
Hepliaklqana
Nemelex Xobeh
Qazlal
Ru
Trog
Xom
Yredelemnul
Zin

Shops:
D:2 :

Annotations:
D:4 Sigmund


Message History

An orc wizard comes into view. It is wielding a +0 dagger of speed.
The orc wizard shouts!
Sigmund barely misses you.
The orc wizard mumbles some strange words.
The orc wizard flickers and vanishes!
Deactivating autopickup; reactivate with Ctrl-A.
The orc priest mumbles some strange prayers to Beogh against you.
Beogh smites you!
You closely miss the orc wizard.
The orc wizard shouts!
You hear a bark!
The orc wizard points at you and mumbles some strange words.
You are confused.
Sigmund casts a spell.
Sigmund flickers and vanishes!
The orc priest invokes the aid of Beogh against you.
Pain shoots through your body!
The orc wizard casts a spell.
The orc wizard flickers and vanishes!
The orc wizard casts a spell at you. You resist with some effort.
3049 ||| DRINKING potion of curing.
You feel better.
3049 ||| (to cure confusion)
Something hits you but does no damage.
The orc wizard hits you but does no damage.
You hit the orc wizard.
The orc wizard is moderately wounded.
You slash the orc priest! The orc wizard casts a spell at you.
You resist with some effort.
The orc priest invokes the aid of Beogh against you.
Beogh smites you!
Ouch! That really hurt!
You block something's attack.
You hit the orc priest.
The orc priest is almost dead.
You barely miss the orc wizard.
The orc wizard hits you but does no damage.
The orc priest invokes the aid of Beogh against you.
Beogh smites you!
You die...

##.###(.# #.......#####
#..#...... .
#..#.#...#.# ..#
#..#.....#.##..## #..
............
#.####...## ..##
#.........###...##
######@.###..........#
.....{oo.###...##...>.#
...[...{..¤~~...%.....#
.........~¤¤¤~..#.....#
.######.¤¤¤¤¤¤¤##.....#
#<~¤~>¤¤¤#####....
#.~¤¤¤¤¤¤# .###
#..~¤¤¤~.# # #...~¤~.(#


You could see an orc priest and an orc wizard.

Vanquished Creatures
  An orc wizard (D:3)
  2 adders
  3 orcs (D:3)
  3 ball pythons
  6 endoplasms
  4 giant cockroaches
  3 goblins
  9 hobgoblins
  2 jackals (D:3)
  3 quokkas (D:2)
  4 bats
  6 frilled lizards
  2 kobolds
  2 rats
50 creatures vanquished.

Notes
Turn   | Place    | Note
-------+----------+-------------------------------------------
     0 | D:1      | qw the Gargoyle Fighter began the quest for the Orb.
     0 | D:1      | Reached XP level 1. HP: 14/14 MP: 1/1
     0 | D:1      | 0 ||| qw: Version: 0.2-a-96-g8eb1148
     0 | D:1      | 0 ||| qw: Game counter: 24
     0 | D:1      | 0 ||| qw: Always use a shield: true
     0 | D:1      | 0 ||| qw: God list: Okawaru
     0 | D:1      | 0 ||| qw: Allow faded altars: false
     0 | D:1      | 0 ||| qw: Do Orc after D:15 true
     0 | D:1      | 0 ||| qw: Do second Lair branch before Depths: true
     0 | D:1      | 0 ||| qw: Lair rune preference: random
     0 | D:1      | 0 ||| qw: Plans: Normal, Zot:1-4, God:TSO, Crypt, Tomb,
                  | Pan, Slime:5, Hells, Abyss, Win
     0 | D:1      | 0 ||| PLANNING D:1-11
    33 | D:1      | Reached skill level 2 in Axes
   201 | D:1      | Reached XP level 2. HP: 19/19 MP: 2/2
   605 | D:1      | Found a faded altar of an unknown god.
  1023 | D:1      | 1023 ||| UPGRADING to +0 plate armour.
  1033 | D:1      | 1033 ||| DROPPING +0 scale mail.
  1034 | D:1      | 1034 ||| READING scroll labelled NUWAECR QAUSHRA.
  1035 | D:1      | 1035 ||| READING scroll labelled FAN LATONE.
  1036 | D:1      | 1036 ||| READING scroll labelled ZIARCHI NAALOU.
  1037 | D:1      | 1037 ||| DRINKING 3 silvery potions.
  1130 | D:2      | 1130 ||| STAIRDANCE
  1135 | D:1      | Reached skill level 3 in Axes
  1163 | D:2      | Reached XP level 3. HP: 23/23 MP: 3/3
  1389 | D:2      | Found Garuakh's Book Shoppe.
  1996 | D:2      | 1996 ||| READING scroll labelled GANUPU PYFEW.
  1997 | D:2      | 1997 ||| READING scroll labelled UTE HOEMAUPHEUS.
  1998 | D:2      | 1998 ||| DRINKING 2 viscous cyan potions.
  2003 | D:2      | 2003 ||| DROPPING potion of ambrosia.
  2227 | D:3      | Reached XP level 4. HP: 28/28 MP: 4/4
  2514 | D:3      | 2514 ||| Stepping ~*~*~tactically~*~*~ (stealth).
  2540 | D:3      | Reached skill level 4 in Axes
  2557 | D:3      | 2557 ||| DROPPING +0 whip.
  2784 | D:3      | 2784 ||| DRINKING 2 lumpy puce potions.
  2785 | D:3      | 2785 ||| READING 3 scrolls of identify.
  2785 | D:3      | 2785 ||| IDENTIFYING viscous yellow potion
  2786 | D:3      | 2786 ||| READING 2 scrolls of identify.
  2786 | D:3      | 2786 ||| IDENTIFYING glowing white potion
  2823 | D:4      | Found a staircase to the Ecumenical Temple.
  2824 | D:4      | 2824 ||| PLANNING TEMPLE
  2824 | D:4      | 2824 ||| STAIRDANCE
  2828 | D:4      | 2828 ||| STAIRDANCE
  2831 | D:4      | 2831 ||| STAIRDANCE
  2840 | Temple   | Entered the Ecumenical Temple
  2987 | Temple   | 2987 ||| PLANNING D:1-11
  3014 | D:4      | 3014 ||| Stepping ~*~*~tactically~*~*~ (stealth).
  3016 | D:4      | 3016 ||| Stepping ~*~*~tactically~*~*~ (stealth).
  3037 | D:4      | Noticed Sigmund
  3039 | D:4      | 3039 ||| Stepping ~*~*~tactically~*~*~ (hiding).
  3044 | D:4      | 3044 ||| Stepping ~*~*~tactically~*~*~ (hiding).
  3049 | D:4      | 3049 ||| DRINKING potion of curing.
  3049 | D:4      | 3049 ||| (to cure confusion)
  3051 | D:4      | Killed from afar by an orc priest

Levels and vault maps discovered:
D:1:      dpeg_arrival_renting, layout_basic, ebering_ecumenical_altar_rust,
          minmay_hedge_maze, minmay_tromino_v4_c
D:2:      layout_loops_corners, serial_shops, nicolae_book_shop_shelving,
          nicolae_hexahallways
D:3:      layout_loops_cross, minmay_crystal_water, minivault_5
D:4:      layout_loops_cross, pdpol_wu_jian_five_deadly_venoms,
          grunt_temple_overflow_open, minmay_temple_entry_mist, uniq_sigmund,
          uniq_ijyb
Temple:   hellmonk_temple_forest_ring

Skill      XL: |  1  2  3  4 |
---------------+-------------+-----
Axes           | 2 3 4 |  4.3
Fighting       | |  3.2
Armour         | |  3.2
Shields        | |  3.2

Action                     |  1- 3 |  4- 6 || total
---------------------------+-------+-------++-------
  Melee: War axe           |    93 |    32 ||   125
    Use: Scroll            |     5 |     2 ||     7
         Potion            |     2 |     2 ||     4
 Armour: Scale mail        |     7 |       ||     7
         Plate armour      |    42 |    26 ||    68
  Dodge: Dodged            |    20 |     3 ||    23
  Block: Buckler           |    20 |     5 ||    25

Table legend:
 A = Non-vault XP
 B = Vault XP
 C = Vault XP percentage of total XP
 D = Non-vault monster count
 E = Vault monster count
 F = Vault count percentage of total count
                 A         B        C        D         E       F
            +---------+---------+-------+---------+---------+-------
      Total |     142 |       3 |   2.1 |      48 |       2 |   4.0
            +---------+---------+-------+---------+---------+-------
        D:1 |      29 |       3 |   9.4 |      12 |       2 |  14.3
        D:2 |      39 |       0 |   0.0 |      16 |       0 |   0.0
        D:3 |      67 |       0 |   0.0 |      16 |       0 |   0.0
        D:4 |       7 |       0 |   0.0 |       4 |       0 |   0.0
            +---------+---------+-------+---------+---------+-------
